Map: [ESL] Oceanborn

Players

Spatz

  • Race: Protoss Protoss
  • Spawn Location: 5:00

Wayne - Winner!

  • Race: Zerg Zerg
  • Spawn Location: 11:00

Event: ESL SC2 Masters 2024 Spring (Regional)

VOD

Have the link to the VOD?

Description

Time

  • Played on: April 19, 2024, 12:41 p.m.
  • Length: 10:42

All games in this series

Show
View Real Time Build Order
Export as new Build Order

Spatz Protoss 

Build Orders: 1 Gate Expand, Oracle Opening 

Get SALT Encoding   

  12  0:00  Probe  
  13  0:14  Pylon  
  13  0:17  Probe (Chrono Boost)  
  14  0:27  Probe (Chrono Boost)  
  15  0:32  Probe (Chrono Boost)  
  16  0:38  Gateway  
  16  0:43  Probe  
  16  0:47  Assimilator  
  17  0:55  Probe  
  18  1:08  Probe  
  19  1:21  Probe  
  20  1:26  Nexus  
  20  1:35  Cybernetics Core  
  20  1:39  Probe  
  21  1:46  Assimilator  
  21  1:51  Probe  
  22  1:54  Pylon  
  22  2:03  Probe  
  23  2:09  Adept (Chrono Boost)  
  23  2:15  Probe (Chrono Boost)  
  26  2:20  Stargate  
  26  2:27  Probe (Chrono Boost)  
  26  2:28  Warp Gate  
  27  2:32  Adept (Chrono Boost)  
  27  2:34  Probe (Chrono Boost)  
  30  2:39  Probe  
  30  2:41  Probe  
  32  2:52  Probe  
  32  2:53  Probe  
  32  2:56  Stalker  
  36  3:04  Probe  
  37  3:05  Probe  
  37  3:06  Oracle (Chrono Boost)  
  41  3:15  Pylon  
  41  3:16  Probe  
  41  3:18  Probe  
  43  3:28  Probe  
  43  3:31  Probe  
  43  3:32  Gateway  
  45  3:40  Probe  
  46  3:43  Probe  
  46  3:47  Oracle (Chrono Boost), Nexus  
  50  3:55  Probe  
  50  3:56  Pylon  
  50  4:00  Probe  
  52  4:08  Probe  
  53  4:12  Probe  
  53  4:13  Assimilator  
  53  4:14  Assimilator  
  53  4:15  Pylon  
  54  4:17  Adept  
  54  4:18  Oracle (Chrono Boost)  
  54  4:20  Probe  
  60  4:24  Probe  
  60  4:30  Pylon  
  61  4:32  Probe  
  61  4:36  Probe  
  63  4:44  Twilight Council, Probe, Forge  
  64  4:48  Probe  
  64  4:51  Robotics Facility  
  63  4:55  Adept  
  63  4:56  Probe  
  66  5:00  Probe x2  
  66  5:06  Gateway x2  
  68  5:08  Probe  
  68  5:12  Probe  
  70  5:14  Blink, Adept  
  70  5:17  Protoss Ground Weapons Level 1 (Chrono Boost)  
  72  5:21  Probe  
  72  5:22  Probe  
  72  5:26  Probe  
  72  5:27  Assimilator  
  75  5:31  Shield Battery  
  75  5:33  Assimilator  
  75  5:34  Probe x2  
  77  5:38  Probe  
  78  5:43  Observer  
  78  5:46  Probe x2  
  81  5:50  Probe  
  81  5:52  Robotics Facility  
  81  5:56  Robotics Bay  
  82  5:58  Probe x2  
  82  6:01  Stalker  
  82  6:03  Probe, Gateway  
  87  6:05  Gateway  
  87  6:07  Stalker  
  87  6:10  Probe x2  
  87  6:14  Stalker x2  
  87  6:17  Pylon  
  92  6:25  Warp Prism (Chrono Boost)  
  93  6:27  Pylon  
  93  6:36  Stalker x2  
  93  6:37  Stalker  
  93  6:39  Pylon  
  105  6:47  Colossus (Chrono Boost)  
  105  6:55  Protoss Ground Weapons Level 2 (Chrono Boost)  
  105  6:57  Colossus (Chrono Boost)  
  111  7:06  Extended Thermal Lance  
  111  7:10  Pylon x2  
  111  7:11  Pylon  
  111  7:16  Pylon  
  111  7:27  Gateway  
  111  7:28  Gateway  
  117  7:30  Colossus (Chrono Boost)  
  117  7:32  Stalker x3  
  117  7:33  Stalker  
  125  7:40  Colossus (Chrono Boost)  
  125  7:41  Pylon  
  131  7:54  Pylon  
  131  8:02  Stalker x6  
  143  8:06  Photon Cannon  
  143  8:09  Pylon, Charge  
  143  8:17  Pylon  
  143  8:21  Observer  
  143  8:25  Stalker x7  
  157  8:27  Stalker  
  159  8:40  Pylon  
  159  8:52  Stalker x6  
  159  8:53  Stalker  
  138  9:14  Stalker  
  138  9:15  Stalker x3  
  109  10:08  Zealot x6  
  109  10:09  Zealot  
  79  10:38  Zealot  
Show
View Real Time Build Order
Export as new Build Order

Wayne Zerg - Winner!

Build Orders: Hatch First 

Get SALT Encoding   

  12  0:00  Drone  
  13  0:09  Drone  
  14  0:14  Extractor  
  14  0:15  Drone  
  15  0:35  Hatchery  
  15  0:41  Extractor  
  15  0:42  Drone  
  15  0:47  Overlord  
  15  1:03  Spawning Pool  
  14  1:06  Drone  
  14  1:10  Drone  
  16  1:15  Drone  
  17  1:18  Drone  
  18  1:29  Extractor  
  18  1:30  Drone  
  18  1:40  Drone  
  19  1:49  Queen  
  19  1:50  Queen  
  19  1:51  Zergling x2  
  24  1:55  Drone  
  25  2:03  Overlord  
  25  2:06  Drone  
  26  2:13  Drone  
  26  2:14  Drone  
  28  2:23  Zergling x2  
  28  2:25  Drone  
  30  2:32  Drone  
  30  2:34  Hatchery  
  30  2:41  Queen  
  32  2:46  Overlord  
  32  2:49  Drone  
  33  2:53  Metabolic Boost  
  33  2:56  Drone  
  34  2:58  Drone  
  34  3:01  Drone  
  36  3:06  Drone x2  
  36  3:07  Zergling x2  
  36  3:10  Zergling x2  
  40  3:14  Overlord  
  41  3:20  Drone x3  
  41  3:30  Spore Crawler  
  39  3:37  Drone  
  39  3:38  Spore Crawler  
  40  3:41  Zergling x4  
  40  3:43  Drone  
  40  3:44  Drone x2  
  44  3:48  Spore Crawler  
  44  3:51  Drone x2  
  44  3:52  Drone  
  46  3:59  Evolution Chamber  
  46  4:00  Drone  
  46  4:07  Spore Crawler  
  46  4:08  Drone  
  44  4:11  Drone x2  
  46  4:18  Queen  
  46  4:21  Drone x2  
  50  4:24  Zerg Melee Weapons Level 1  
  50  4:28  Overlord  
  50  4:31  Overlord, Drone  
  51  4:34  Drone x2  
  51  4:38  Spore Crawler  
  52  4:40  Overlord  
  52  4:47  Drone  
  52  4:48  Drone x5  
  52  4:50  Drone  
  58  4:55  Queen  
  60  5:00  Drone x3  
  63  5:07  Baneling Nest, Extractor  
  63  5:08  Drone x4  
  63  5:10  Drone x2  
  67  5:18  Overlord  
  67  5:19  Drone x2  
  67  5:20  Drone x3  
  66  5:36  Queen  
  66  5:39  Lair  
  66  5:40  Zergling x10, Hatchery  
  70  5:45  Overlord  
  70  5:48  Extractor, Queen  
  70  5:49  Extractor  
  70  5:51  Drone x4  
  70  5:56  Overlord  
  74  5:57  Drone x4  
  74  5:59  Drone  
  78  6:06  Overlord  
  76  6:12  Overlord  
  76  6:15  Extractor  
  76  6:16  Drone x10  
  85  6:25  Drone  
  86  6:26  Drone  
  87  6:33  Extractor, Hatchery  
  85  6:40  Zerg Melee Weapons Level 2, Spire  
  85  6:41  Overseer  
  85  6:42  Roach Warren, Drone x2  
  85  6:49  Drone x2  
  87  6:55  Drone  
  87  6:59  Drone x6  
  90  7:10  Extractor  
  90  7:12  Zergling x12, Extractor  
  90  7:13  Zergling x12  
  100  7:20  Overlord  
  100  7:23  Glial Reconstitution  
  100  7:24  Roach x6  
  100  7:28  Overlord  
  112  7:32  Roach x2  
  112  7:36  Overlord x3  
  116  7:39  Overlord x2  
  116  7:43  Overlord  
  116  7:47  Overlord  
  116  7:49  Overlord  
  114  7:51  Roach x4  
  114  7:52  Roach  
  124  7:59  Mutalisk x3  
  124  8:04  Mutalisk x3  
  136  8:09  Mutalisk x2  
  140  8:18  Mutalisk x4  
  148  8:22  Overlord  
  148  8:24  Mutalisk  
  150  8:27  Zerg Flyer Weapons Level 1  
  150  8:28  Overlord  
  150  8:33  Mutalisk  
  151  8:43  Mutalisk x2  
  151  8:44  Zergling x6  
  151  8:45  Zergling x6  
  150  8:58  Extractor  
  150  8:59  Extractor  
  150  9:00  Mutalisk x4  
  139  9:08  Zergling x24  
  146  9:16  Mutalisk x3  
  142  9:24  Zergling x18  
  127  9:43  Mutalisk  
  127  9:44  Mutalisk x3  
  135  9:48  Zergling x12  
  135  9:51  Mutalisk  
  139  9:56  Hatchery  
  138  10:03  Mutalisk x2  
  138  10:06  Mutalisk  
  142  10:09  Zergling x12  
  148  10:18  Mutalisk x3  
Tags
 
Add a new tag
Caveats
  • Supply blocks, unpowered buildings, or Contaminate may cause inaccurate times.
  • Supply counts are checked every 10 seconds.